 Dungeon Crawl Stone Soup version 0.30-a0-883-g5ad918d77d (webtiles) character file.

Game seed: 14441663585508213468

10317 ders the Thaumaturge (level 11, -1/65 HPs)
             Began as a Djinni Conjurer on Mar 17, 2023.
             Was an Initiate of Ashenzari.
             Slain by a wolf (3 damage)
             ... on level 2 of the Lair of Beasts.
             The game lasted 00:16:40 (10382 turns).

ders the Thaumaturge (Djinni Conjurer)             Turns: 10382, Time: 00:16:40

Health: -1/65      AC:  5    Str:  5    XL:     11   Next: 90%
Gold:   736        EV: 11    Int: 24    God:    Ashenzari [......] SH:  0 Dex: 15

rFire   + + .      SeeInvis .    t - +0 short sword (chaos)
rCold   + . .      Faith    .    (no shield)
rNeg    . . .      Spirit   .    y - +0 leather armour of the Silversmith {rC++}
rPois   ∞          Reflect  .    s - +1 helmet of the Unyielding Gaze {Evo, Self} (curse)
rElec   .          Rampage  .    (no cloak)
rCorr   .                        (no gloves)
Will    +....                    (boots unavailable)
Stlth   ++                       (no amulet)
HPRegen 0.30/turn                (no ring)
MPRegen 0.00/turn                (no ring)

@: flying
A: sickness immunity, fire resistance 2, cold vulnerability 1, float, innate
caster, HP casting, extra vitality 1, agile 1
a: Renounce Religion, Shatter the Chains


You were on level 2 of the Lair of Beasts.
You worshipped Ashenzari.
Ashenzari was noncommittal.
You visited 3 branches of the dungeon, and saw 12 of its levels.

You collected 736 gold pieces.

Inventory:

Hand Weapons
 t - a +0 short sword of chaos (weapon)
Missiles
 q - 2 throwing nets
Armour
 a - a +0 robe
 s - the cursed +1 helmet of the Unyielding Gaze (worn) {Evo, Self}
   (You found it on level 4 of the Dungeon)

   It has a curse which improves the following skills: Evocations: Evocations.
   Introspection: Fighting and Spellcasting.
 u - the +0 robe of the Cuttlefish {Harm Rampage Drain Dex+7}
   (You found it on level 6 of the Dungeon)

   Dex:       It affects your dexterity (+7).
   Drain:     It drains your maximum health when unequipped.
   Harm:      It increases damage dealt and taken.
   Rampage:   It bestows one free step when moving towards enemies.
 y - the +0 leather armour of the Silversmith (worn) {rC++}
   (You found it on level 6 of the Dungeon)

   rC:        It greatly protects you from cold.
Jewellery
 w - a +6 ring of dexterity
 A - a +6 ring of strength
Wands
 r - a wand of charming (8)
 C - a wand of roots (12)
 E - a wand of mindburst (10)
Scrolls
 c - a scroll of poison
 e - 7 scrolls of identify
 f - a scroll of enchant armour
 g - 2 scrolls of amnesia
 i - a scroll of fear
 m - 3 scrolls of blinking
 n - 5 scrolls of teleportation
 o - 3 scrolls of immolation
 p - a scroll of vulnerability
 x - a scroll of magic mapping
 G - a scroll of summoning {unknown}
Potions
 b - a potion of cancellation {unknown}
 d - 5 potions of mutation
 h - a potion of attraction {unknown}
 j - 2 potions of brilliance
 k - a potion of haste {unknown}
 l - 3 potions of resistance
 v - a potion of magic {unknown}
 z - a potion of lignification
 B - a potion of berserk rage {unknown}
 D - 5 potions of curing
 F - a potion of degeneration {unknown}
 H - a potion of heal wounds
 I - a potion of flight {unknown}
 K - a potion of ambrosia {unknown}
Miscellaneous
 J - a condenser vane


   Skills:
 - Level 2.1 Dodging
 - Level 1.5 Stealth
 + Level 14.1(14.5) Spellcasting


You knew the following spells:

 Your Spells              Type           Power      Damage    Failure   Level
a - Magic Dart            Conj           100%       1d8       0%          1
b - Searing Ray           Conj           100%       2d8       1%          2
c - Dazzling Flash        Conj/Hex       100%       N/A       1%          3
d - Fulminant Prism       Conj/Hex       36%        3d17      1%          4
e - Iskenderun's Mystic   Conj/Tloc      72%        2d15      1%          4
f - Kiss of Death         Conj/Necr      100%       2d13      0%          1
g - Scorch                Fire           100%       2d10      1%          2
h - Mephitic Cloud        Conj/Pois/Air  72%        N/A       1%          3
i - Passage of Golubria   Tloc           72%        N/A       1%          4
j - Petrify               Tmut/Erth      72%        N/A       1%          4
Your spell library was empty.

Dungeon Overview and Level Annotations

Branches:
Dungeon (9/15)             Temple (1/1) D:7            Lair (2/5) D:9
  Swamp: Lair:2-3    Shoals: Lair:2-3     Snake: Lair:2-3    Spider: Lair:2-3
    Orc: D:9-12

Altars:
Ashenzari
Cheibriados
Dithmenos
Elyvilon
Fedhas
Gozag
Hepliaklqana
Makhleb
Okawaru
Ru
Trog
Uskayaw
Wu Jian
Xom
Yredelemnul
Zin
The Shining One

Annotations:
D:5 2 transporters, Palms's ghost, novice DjVM


Innate Abilities, Weirdness & Mutations

You are immune to sickness and miasma.
You are immune to poison.
Your flesh is very heat resistant. (rF++)
You are vulnerable to cold. (rC-)
You float through the air rather than walking.
You learn spells naturally, not from books.
Your magical power is your life essence.
You have superior vitality. (+4 MHP)
You are agile. (Dex +4, Str/Int -1)


Message History

The wolf bites your fulminant prism. The wolf bites your fulminant prism. x2
Your fulminant prism crackles loudly.
The wolf bites your fulminant prism.
Something bites your fulminant prism. x2
Your fulminant prism explodes!
The blast of energy engulfs the wolf!!
You kill the wolf!
You feel a bit more experienced.
The blast of energy engulfs the wolf!
The wolf is severely wounded.
You hear a croak.
You hear a howl!
You hear a croak.
You hear a loud, deep croak!
A wolf is nearby!
Casting: Fulminant Prism (safe; 1% risk of failure)
Confirm with . or Enter, or press ? or * to list all spells.
Aiming: Searing Ray (safe; 1% risk of failure)
Press: ? - help, Shift-Dir - straight line, f - wolf
Aim: a wolf (severely wounded, 72% to hit)
The searing ray misses the wolf. (Press . to maintain the ray.)
* * * LOW HITPOINT WARNING * * *
Unknown command.
Casting: Searing Ray (safe; 1% risk of failure)
Confirm with . or Enter, or press ? or * to list all spells.
Restarting spell: Searing Ray (safe; 1% risk of failure)
Press: ? - help, Shift-Dir - straight line, f/p - wolf
Aim: a wolf (severely wounded, 72% to hit)
The searing ray misses the wolf. (Press . to maintain the ray.)
* * * LOW HITPOINT WARNING * * *
Unknown command.
Casting: Searing Ray (safe; 1% risk of failure)
Confirm with . or Enter, or press ? or * to list all spells.
Restarting spell: Searing Ray (safe; 1% risk of failure)
Press: ? - help, Shift-Dir - straight line, f/p - wolf
Aim: a wolf (severely wounded, 72% to hit)
The searing ray misses the wolf. (Press . to maintain the ray.)
* * * LOW HITPOINT WARNING * * *
The wolf bites you.
You die...

.....#####.#....#
.......#...#....#
................#
#...............## ####
#........P.......###.#P#
......#.................
....................P#.
............P#.#.....#
P.....#...#..###@...##
.......+##..P# ##h..## .
.. .....P #.....# ###..#
##....# .. #....###
##.....#.#...
#......h†...
#....†...... .P
...............


You could see a wolf.

Vanquished Creatures
  A skyshark (Lair:2)
  A black mamba (Lair:1)
  2 cane toads
  A rime drake (D:9)
  3 blink frogs (Lair:1)
  3 wyverns
  23 yaks
  A steam dragon (D:6)
  Duvessa (D:4)
  2 water moccasins (Lair:1)
  4 orc warriors
  2 sky beasts
  A black bear (Lair:1)
  2 ice beasts (D:9)
  2 ogres
  6 wolves
  3 centaurs
  2 phantoms
  3 bullfrogs
  2 kobold brigands (D:7)
  2 gnoll sergeants
  2 scorpions (D:5)
  Dowan (D:4)
  4 killer bees (D:9)
  4 howler monkeys
  4 jellies
  A hound (D:4)
  3 orc priests
  A gnoll bouda (D:6)
  3 sleepcaps
  Natasha (thrice) (D:3)
  3 iguanas
  8 orc wizards
  11 gnolls
  10 adders
  A shadow imp (D:7)
  4 white imps
  An ufetubus (D:7)
  A worm (D:2)
  A dart slug (D:1)
  29 orcs
  8 ball pythons
  8 bats
  8 endoplasms
  5 giant cockroaches
  2 goblins (D:1)
  6 hobgoblins
  11 kobolds
  2 quokkas
  4 frilled lizards
  8 rats
224 creatures vanquished.

Vanquished Creatures (others)
  66 fulminant prisms
  7 fungi
  14 plants
87 creatures vanquished.

Grand Total: 311 creatures vanquished

Notes
Turn   | Place    | Note
-------+----------+-------------------------------------------
     0 | D:1      | ders the Djinni Conjurer began the quest for the Orb.
     0 | D:1      | ders set off with the following spells memorised: Magic
                  | Dart, Searing Ray, Dazzling Flash, Fulminant Prism,
                  | Iskenderun's Mystic Blast.
     0 | D:1      | Reached XP level 1. HP: 15/15 MP: 0/0
   368 | D:1      | Reached XP level 2. HP: 20/21 MP: 0/0
   691 | D:1      | Reached XP level 3. HP: 19/25 MP: 0/0
   691 | D:1      | Learned a level 1 spell: Kiss of Death
   802 | D:2      | Reached skill level 4 in Spellcasting
   953 | D:2      | Reached XP level 4. HP: 28/31 MP: 0/0
   995 | D:2      | Found a bloodstained altar of Trog.
  1455 | D:3      | You are sucked into a shaft and drop 2 floors!
  1455 | D:5      | Entered Level 5 of the Dungeon
  1487 | D:5      | Noticed a scorpion
  1492 | D:5      | Killed a scorpion
  1493 | D:5      | Reached skill level 5 in Spellcasting
  1493 | D:5      | Reached XP level 5. HP: 13/35 MP: 0/0
  1493 | D:5      | Learned a level 2 spell: Scorch
  1744 | D:4      | Reached XP level 6. HP: 38/40 MP: 0/0
  1847 | D:4      | Noticed a sky beast
  1860 | D:4      | Killed a sky beast
  2004 | D:4      | Reached skill level 6 in Spellcasting
  2144 | D:4      | Noticed Dowan
  2145 | D:4      | Noticed Duvessa
  2155 | D:4      | Killed Duvessa
  2156 | D:4      | Reached XP level 7. HP: 34/45 MP: 0/0
  2156 | D:4      | Learned a level 3 spell: Mephitic Cloud
  2164 | D:4      | Killed Dowan
  2885 | D:3      | Noticed Natasha
  2890 | D:3      | Killed Natasha
  2891 | D:3      | Reached skill level 7 in Spellcasting
  2909 | D:3      | Noticed Natasha
  2917 | D:3      | Killed Natasha
  3081 | D:3      | Found a faded altar of an unknown god.
  3203 | D:3      | Noticed Natasha
  3281 | D:3      | Killed Natasha
  3282 | D:3      | Reached XP level 8. HP: 45/50 MP: 0/0
  3547 | D:5      | HP: 1/50 [white imp/puff of frost (10)]
  3681 | D:5      | Found a basalt altar of Yredelemnul.
  3876 | D:5      | Found a transporter.
  3878 | D:5      | Noticed Palms's ghost (novice DjVM)
  3893 | D:5      | Found a transporter.
  4499 | D:5      | Reached skill level 8 in Spellcasting
  4689 | D:6      | Identified the +0 robe of the Cuttlefish {Harm Rampage
                  | Drain Dex+7}
  4938 | D:6      | Identified the +0 leather armour of the Silversmith {rC++}
  5091 | D:6      | Reached XP level 9. HP: 32/55 MP: 0/0
  5091 | D:6      | Learned a level 4 spell: Passage of Golubria
  5094 | D:6      | Reached skill level 9 in Spellcasting
  5679 | D:7      | Found a staircase to the Ecumenical Temple.
  5700 | Temple   | Entered the Ecumenical Temple
  5965 | D:7      | Reached skill level 10 in Spellcasting
  7251 | D:8      | Reached XP level 10. HP: 54/60 MP: 0/0
  7297 | D:8      | Reached skill level 11 in Spellcasting
  7387 | D:8      | Found a glowing silver altar of Zin.
  7461 | D:8      | Found an ornate altar of the Wu Jian Council.
  7467 | D:8      | Found a shadowy altar of Dithmenos.
  7467 | D:8      | Found a shimmering altar of Xom.
  7471 | D:8      | Found a white marble altar of Elyvilon.
  7474 | D:8      | Found a glowing golden altar of the Shining One.
  7641 | D:9      | Found a broken altar of Ashenzari.
  7752 | D:9      | Noticed a rime drake
  7768 | D:9      | Killed a rime drake
  7769 | D:9      | Reached skill level 12 in Spellcasting
  7891 | D:9      | Found a staircase to the Lair.
  8243 | D:9      | Gained mutation: You are agile. (Dex +4, Str/Int -1)
                  | [potion of mutation]
  8693 | D:9      | Reached XP level 11. HP: 49/65 MP: 0/0
  8693 | D:9      | Learned a level 4 spell: Petrify
  8874 | D:9      | Became a worshipper of Ashenzari the Shackled
  8899 | Lair:1   | Entered Level 1 of the Lair of Beasts
  8961 | Lair:1   | Reached skill level 13 in Spellcasting
 10250 | Lair:2   | Noticed a skyshark
 10265 | Lair:2   | Killed a skyshark
 10354 | Lair:2   | Reached skill level 14 in Spellcasting
 10382 | Lair:2   | Slain by a wolf

Illustrated notes

Levels and vault maps discovered:
D:1:      wheals_arrival_shading, layout_loops_cross,
          hangedman_abyss_or_decor_stabs, nicolae_concentric_dashed_squares_mild
D:2:      layout_rooms, basic_altar
D:3:      layout_loops_cross, chequers_ecumenical_altar_grove, minmay_vboxes,
          uniq_natasha
D:4:      layout_gridville, uniq_duvessa
D:5:      layout_loops_corners, old_standard_altar, gammafunk_ghost_mausoleum,
          dk_noncrumbling_4, kennysheep_big_empty_room,
          kennysheep_generic_room_15
D:6:      layout_cave_pools, kennysheep_generic_room_14
D:7:      layout_loops_ring, minmay_temple_entry_glass
D:8:      layout_rooms, nicolae_overflow_hallway_of_the_gods
D:9:      layout_gridville, general_overflow_altar, mainiacjoe_overflow_paths,
          hellmonk_lair_entry_icy
Temple:   hellmonk_temple_rainy
Lair:1:   layout_roguey, lemuel_fruit_tree
Lair:2:   layout_chaotic_city

Skill      XL: |  1  2  3  4  5  6  7  8  9 10 11 |
---------------+----------------------------------+-----
Spellcasting   | 4 5 6 7 8 10 12 14 | 14.1
Dodging        | |  2.1
Stealth        | |  1.5

Action                     |  1- 3 |  4- 6 |  7- 9 | 10-12 || total
---------------------------+-------+-------+-------+-------++-------
  Melee: Unarmed           |       |     2 |       |       ||     2
   Cast: Magic Dart        |    69 |    63 |   109 |    46 ||   287
         Searing Ray       |     1 |     9 |    63 |    34 ||   107
         Dazzling Flash    |       |     1 |       |       ||     1
         Fulminant Prism   |       |     6 |    31 |    29 ||    66
         Iskenderun's Myst |       |       |    13 |    49 ||    62
 Invoke: Curse Item        |       |       |       |     1 ||     1
    Use: Scroll            |       |       |     9 |     2 ||    11
         Potion            |       |       |     1 |     5 ||     6
 Armour: Robe              |     1 |     5 |     6 |       ||    12
         Skin              |       |       |       |     3 ||     3
         Leather armour    |       |       |       |     1 ||     1
  Dodge: Dodged            |     1 |    12 |    15 |     9 ||    37

Table legend: (Time is in decaauts)
 A = Elapsed time spent in this place.
 B = Non-inter-level travel time spent in this place.
 C = Inter-level travel time spent in this place.
 D = Time resting spent in this place.
 E = Time spent auto-exploring this place.
 F = Levels seen in this place.
 G = Mean time per level.
                   A        B        C        D        E       F      G
               +--------+--------+--------+--------+--------+-----+--------+
         Total |  10385 |   9904 |    481 |   1929 |   6788 |  12 |  865.4 |
       Dungeon |   9134 |   8730 |    404 |   1732 |   5979 |   9 | 1014.9 |
        Temple |     86 |     73 |     13 |     59 |     10 |   1 |   86.0 |
          Lair |   1164 |   1100 |     64 |    138 |    799 |   2 |  582.0 |
               +--------+--------+--------+--------+--------+-----+--------+

Top non-repeatable levels by time:
     D:9: 1585 daAuts
     D:5: 1411 daAuts
     D:7: 1241 daAuts
     D:4: 1071 daAuts
  Lair:1: 941 daAuts
     D:3: 872 daAuts
     D:8: 844 daAuts
     D:6: 787 daAuts
     D:1: 761 daAuts
     D:2: 558 daAuts
  Lair:2: 222 daAuts
  Temple: 86 daAuts
